 Dungeon Crawl Stone Soup version 0.30-a0-393-g54b8e3be05 (webtiles) character file.

Game seed: 13714300209615123424

58 tsouns the Poker (level 4, -2/35 HPs)
             Began as a Merfolk Warper on Dec 5, 2022.
             Slain by Jessica
             ... wielding a +0 club
              (4 damage)
             ... on level 2 of the Dungeon.
             The game lasted 00:02:12 (1141 turns).

tsouns the Poker (Merfolk Warper)                   Turns: 1141, Time: 00:02:13

Health: -2/35      AC:  4    Str: 10 (11) XL:     4   Next: 1%
Magic:  7/7        EV: 11    Int: 13 (14) God:
Gold:   44         SH:  0    Dex: 10 (13) Spells: 7/7 levels left

rFire   + . .      SeeInvis .    i - +1 short sword (venom)
rCold   + . .      Faith    .    (no shield)
rNeg    . . .      Spirit   .    b - +0 leather armour
rPois   +          Reflect  .    (no helmet)
rElec   +          Harm     .    (no cloak)
rCorr   +          Rampage  .    e - +0 pair of gloves
Will    .....                    (no boots)
Stlth   +.........               (no amulet)
HPRegen 0.25/turn                (no ring)
MPRegen 0.10/turn                (no ring)

@: resistant
A: (nimble swimmer 2), mertail
a: no special abilities


You were on level 2 of the Dungeon.
You visited 1 branch of the dungeon, and saw 2 of its levels.

You collected 44 gold pieces.

Inventory:

Hand Weapons
 a - a +0 spear
 i - a +1 short sword of venom (weapon)
Missiles
 d - 7 boomerangs of dispersal (quivered)
Armour
 b - a +0 leather armour (worn)
 e - a +0 pair of gloves (worn)
Scrolls
 c - a scroll of blinking
 f - a scroll of enchant weapon {unknown}
 g - 2 scrolls of identify {unknown}
 h - a scroll of torment {unknown}
 j - 2 scrolls of brand weapon {unknown}
 m - a scroll of vulnerability {unknown}
 n - a scroll of fear {unknown}


   Skills:
 + Level 3.1 Fighting
 * Level 4.8 Polearms
 - Level 1.0 Throwing
 - Level 0.6 Armour
 - Level 2.6 Dodging
 - Level 2.0 Spellcasting
 - Level 2.4 Translocations


You had 7 spell levels left.
You didn't know any spells.
Your spell library contained the following spells:

 Spells                   Type           Power      Damage    Failure   Level
 Blink                    Tloc           14%        N/A       21%         2
 Lesser Beckoning         Tloc           14%        N/A       36%         3
 Teleport Other           Tloc           7%         N/A       36%         3
 Vhi's Electric Charge    Tloc/Air       8%         N/A       54%         3
 Manifold Assault         Tloc           7%         N/A       78%         4


Dungeon Overview and Level Annotations

Branches:
Dungeon (2/15)

Altars:

Annotations:
D:2 Jessica


Innate Abilities, Weirdness & Mutations

((You are very nimble when in or above water. (Stealth+, EV+, Speed+++)))
Your lower body shifts to a powerful aquatic tail in water.


Message History

Jessica hits you with a +0 club. Jessica closely misses you.
You barely miss the hobgoblin.
The hobgoblin is almost dead.
The hobgoblin closely misses you. The hobgoblin barely misses you.
Jessica hits you but does no damage.
You hit the hobgoblin.
You kill the hobgoblin!
The hobgoblin hits you but does no damage.
Jessica closely misses you.
You have reached level 4!
Jessica attacks as you move away! Jessica hits you with a +0 club!
The hobgoblin attacks as you move away! The hobgoblin completely misses you.
It was a potion of curing.
You feel better. Jessica closely misses you.
Jessica gestures at you while chanting. Pain shoots through your body!
You hit Jessica but do no damage. Jessica barely misses you.
You hit Jessica but do no damage.
Jessica very coldly says, "I hate your company."
Jessica hits you but does no damage.
Your +1 short sword of venom begins to drip with poison!
i - a +1 short sword of venom (weapon)
Jessica hits you with a +0 club.
Unknown command.
You barely miss Jessica. Jessica barely misses you.
Jessica grins evilly.
Jessica gestures at you while chanting. Pain shoots through your body!
* * * LOW HITPOINT WARNING * * *
You feel better. Jessica hits you but does no damage.
It was a potion of resistance.
You feel protected. Jessica hits you with a +0 club.
* * * LOW HITPOINT WARNING * * *
Jessica hits you with a +0 club.
* * * LOW HITPOINT WARNING * * *
It was a potion of degeneration.
There was something very wrong with that liquid.
You feel weakened.
You feel dopey.
You feel clumsy. Jessica hits you with a +0 club.
You die...

#.# #####.# .. #.# #.# #.
#.# #.# #. #.# #.# ####.
####.# #.. .... #....#
######### #.. #....#
#........
##$##..###....###.#######
......g@@....†..>........
##.....###....###########
....### #....# #######
... #....# #...... .
###### #.##### #)# #.#
#.# #.# #


You could see Jessica (fast) and a hobgoblin.

Vanquished Creatures
  2 adders (D:2)
  A worm (D:2)
  4 endoplasms
  2 goblins (D:1)
  8 hobgoblins
  A kobold (D:1)
  A quokka (D:2)
  2 ball pythons
  8 bats
  A frilled lizard (D:1)
  5 rats
35 creatures vanquished.

Notes
Turn   | Place    | Note
-------+----------+-------------------------------------------
     0 | D:1      | tsouns the Merfolk Warper began the quest for the Orb.
     0 | D:1      | Reached XP level 1. HP: 16/16 MP: 3/3
   124 | D:1      | Reached skill level 3 in Polearms
   139 | D:1      | Reached XP level 2. HP: 22/23 MP: 5/5
   594 | D:1      | Reached skill level 4 in Polearms
   740 | D:2      | Reached XP level 3. HP: 28/28 MP: 6/6
  1122 | D:2      | Noticed Jessica
  1133 | D:2      | Reached XP level 4. HP: 25/35 MP: 7/7
  1141 | D:2      | Slain by Jessica

Illustrated notes

Levels and vault maps discovered:
D:1:      lightli_molten_gateway, layout_basic, st_stairs_1
D:2:      layout_basic, chequers_ecumenical_altar_simple, serial_shops,
          nicolae_shop_crystal, uniq_jessica

Skill      XL: |  1  2  3 |
---------------+----------+-----
Polearms       | 3 4 |  4.8
Fighting       | 3 |  3.1
Throwing       | |  1.0
Armour         | |  0.6
Dodging        | |  2.6
Spellcasting   | |  2.0
Translocations | |  2.4

Action                   |  1- 3 |  4- 6 || total
-------------------------+-------+-------++-------
Melee: Spear             |   167 |     2 ||   169
       Short sword       |       |     1 ||     1
  Use: Potion            |     2 |     4 ||     6
Armor: Leather armour    |    40 |     2 ||    42
Dodge: Dodged            |    80 |     4 ||    84

Table legend: (Time is in decaauts)
 A = Elapsed time spent in this place.
 B = Non-inter-level travel time spent in this place.
 C = Inter-level travel time spent in this place.
 D = Time resting spent in this place.
 E = Time spent auto-exploring this place.
 F = Levels seen in this place.
 G = Mean time per level.
                   A        B        C        D        E       F      G
               +--------+--------+--------+--------+--------+-----+--------+
         Total |   1138 |   1105 |     33 |    102 |    718 |   2 |  569.0 |
       Dungeon |   1138 |   1105 |     33 |    102 |    718 |   2 |  569.0 |
               +--------+--------+--------+--------+--------+-----+--------+

Top non-repeatable levels by time:
     D:1: 741 daAuts
     D:2: 397 daAuts
